 Dungeon Crawl Stone Soup version 0.30-a0-540-g0af01429fa (webtiles) character file.

Game seed: 10367639689045575735

19585 Scypho the Black Belt (level 12, -1/105 HPs)
             Began as a Demonspawn Gladiator on Dec 25, 2022.
             Was a Believer of Uskayaw.
             Slain by a skeletal warrior
             ... wielding a +0 glaive
              (15 damage)
             ... on level 11 of the Dungeon.
             The game lasted 00:59:51 (13427 turns).

Scypho the Black Belt (Demonspawn Gladiator)       Turns: 13427, Time: 00:59:52

Health: -1/105     AC: 22    Str: 15    XL:     12   Next: 37%
Magic:  16/16      EV: 13    Int: 10    God:    Uskayaw [**....]
Gold:   617        SH:  0    Dex: 19    Spells: 8/11 levels left

rFire   . . .      SeeInvis +      - Unarmed
rCold   . . .      Faith    .    (no shield)
rNeg    . . .      Spirit   .    b - +0 steam dragon scales
rPois   .          Reflect  .    M - +0 hat {SInv}
rElec   .          Harm     .    R - +2 cloak
rCorr   +          Rampage  .    (no gloves)
Will    .....                    l - +0 pair of boots
Stlth   ++                       E - amulet of magic regeneration
HPRegen 0.37/turn                k - ring of resist corrosion
MPRegen 0.55/turn                x - +4 ring of protection

@: sanguine armoured, studying Fighting
A: claws 2, demonic guardian 1, ignite blood 2, sanguine armour 2
a: Renounce Religion, Stomp, Line Pass


You were on level 11 of the Dungeon.
You worshipped Uskayaw.
Uskayaw was noncommittal.
You visited 2 branches of the dungeon, and saw 12 of its levels.
You visited 1 bazaar.
You also visited: Bailey.

You collected 712 gold pieces.
You spent 95 gold pieces at shops.

Inventory:

Missiles
 c - 3 throwing nets (quivered)
 d - a javelin
 g - 52 stones
 h - 2 silver javelins
Armour
 b - +0 steam dragon scales (worn)
 l - a +0 pair of boots (worn)
 J - a +3 leather armour
 M - a +0 hat of see invisible (worn)
 R - a +2 cloak (worn)
Jewellery
 k - a ring of resist corrosion (left claw)
 o - a ring of wizardry
 s - a ring of fire
 x - a +4 ring of protection (right claw)
 E - an amulet of magic regeneration (around neck)
 F - a +6 ring of intelligence
 G - a ring of magical power
 H - an amulet of the acrobat
 L - a ring of ice
Wands
 f - a wand of charming (6)
 v - a wand of mindburst (7)
 y - a wand of roots (12)
 A - a wand of flame (14)
 D - a wand of polymorph (9)
Scrolls
 a - a scroll of fog
 i - a scroll of identify
 r - 4 scrolls of teleportation
 w - 2 scrolls of enchant weapon
 z - 2 scrolls of brand weapon {unknown}
 B - a scroll of noise
 O - a scroll of amnesia {unknown}
 P - a scroll of torment {unknown}
 Q - 2 scrolls of fear {unknown}
Potions
 e - 9 potions of curing
 j - a potion of lignification
 m - 3 potions of brilliance
 n - a potion of heal wounds
 q - 2 potions of flight
 u - a potion of cancellation
 C - 2 potions of magic {unknown}
 I - 2 potions of resistance
 K - 2 potions of berserk rage
 N - 3 potions of haste {unknown}


   Skills:
 + Level 13.5 Fighting
 - Level 1.7 Throwing
 - Level 2.6 Dodging
 * Level 15.1 Unarmed Combat
 - Level 6.2 Invocations


You had 8 spell levels left.
You knew the following spells:

 Your Spells              Type           Power      Damage    Failure   Level
a - Vampiric Draining     Necr           0%         2d6       75%         3

Your spell library contained the following spells:

 Spells                   Type           Power      Damage    Failure   Level
 Slow                     Hex            0%         N/A       36%         1
 Cigotuvi's Dreadful Rot  Necr/Pois/Air  0%         N/A       50%         2
 Poisonous Vapours        Pois/Air       0%         N/A       50%         2
 Static Discharge         Conj/Air       0%         2-2/arc   50%         2
 Confusing Touch          Hex            0%         N/A       75%         3
 Mephitic Cloud           Conj/Pois/Air  0%         N/A       75%         3
 Tukima's Dance           Hex            0%         N/A       75%         3
 Vhi's Electric Charge    Tloc/Air       0%         N/A       75%         3
 Anguish                  Hex/Necr       0%         N/A       98%         4
 Passage of Golubria      Tloc           0%         N/A       98%         4
 Arcjolt                  Conj/Air       0%         1d10      100%        5
 Freezing Cloud           Conj/Ice/Air   0%         6-21      100%        5
 Lightning Bolt           Conj/Air       0%         1d11      100%        5
 Yara's Violent Unravell  Hex/Tmut       0%         3d3       100%        5
 Simulacrum               Ice/Necr       0%         N/A       100%        6
 Enfeeble                 Hex            0%         N/A       100%        7
 Polar Vortex             Ice            0%         N/A       100%        9


Dungeon Overview and Level Annotations

Branches:
Dungeon (11/15)            Temple (1/1) D:4            Lair (0/5) D:8
 Bailey (visited)
    Orc: D:9-12

Altars:
Ashenzari
Cheibriados
Dithmenos
Fedhas
Gozag
Hepliaklqana
Kikubaaqudgha
Makhleb
Nemelex Xobeh
Okawaru
Qazlal
Ru
Sif Muna
Trog
Uskayaw
Vehumet
Wu Jian
Xom
Yredelemnul

Shops:
D:5 (   D:7 !(   D:9 *

Portals:
Trove: D:11 (give +3 ice dragon scales)

Annotations:
D:5 2 transporters, Menkaure


Innate Abilities, Weirdness & Mutations

You have very sharp fingernails.
A weak demonic guardian rushes to your aid.
Your demonic aura often causes spilled blood to erupt in flames.
When seriously injured, your blood forms thick armour. (AC +9)


Message History

Here: a skeletal warrior, wielding a +0 glaive The floor.
You mangle the skeletal warrior!! You claw the skeletal warrior!
The skeletal warrior hits you with a +0 glaive!
* * * LOW HITPOINT WARNING * * *
A demonic guardian appears!
Uskayaw will force your foes to helplessly watch your dance.
Uskayaw prepares the audience for your solo!
You are confused.
You feel invigorated.
You scratch the skeletal warrior.
The skeletal warrior is no longer paralysed.
Your iron imp barely misses the skeletal warrior.
The skeletal warrior hits you with a +0 glaive.
* * * LOW HITPOINT WARNING * * *
The skeletal warrior hits you with a +0 glaive.
* * * LOW HITPOINT WARNING * * *
Your iron imp hits the skeletal warrior!
The skeletal warrior hits you but does no damage.
The skeletal warrior attacks as you move away!
The skeletal warrior hits you with a +0 glaive!
* * * LOW HITPOINT WARNING * * *
Your iron imp hits the skeletal warrior but does no damage.
The skeletal warrior misses you.
Your iron imp hits the skeletal warrior.
The skeletal warrior hits you but does no damage.
Uskayaw will no longer force your foes to helplessly watch your dance.
Your iron imp closely misses the skeletal warrior.
The skeletal warrior hits you from afar with a +0 glaive!
* * * LOW HITPOINT WARNING * * *
You feel less invigorated.
You feel less confused.
The skeletal warrior hits you with a +0 glaive.
* * * LOW HITPOINT WARNING * * *
You scratch the skeletal warrior but do no damage.
You claw the skeletal warrior.
Your iron imp barely misses the skeletal warrior.
You closely miss the skeletal warrior.
The skeletal warrior hits you with a +0 glaive!
You die...

.#........#...,....*** ##..#....
>#...........#**#.########.†###..
....<..^.....# #................
..)......##..## #.#.....#....###.
..#########...###.#..####.#.## *.
..# *#.<.##.....#...#.# **
..####** #................# *
.......#####....☼○..........# *
..####..........@...........# *
..#,,..#........z...........# **
###,#**#.##.....5..........## *,
#*,.# #..........#........#****,
#*.###**.###........#.####..,,,,,
#.....,,,,.......####.#,,,,,,,,,*
....#,,**##.......* *,#,,,,,,,,,*
####..****#.......#**,*,,,,,,,,,*
# *,,,,,,.........,,,*,,,,,,,,,*


You could see a skeletal warrior (ally target) and a friendly iron imp
(summoned).

Vanquished Creatures
  Gastronok (D:8)
  A boulder beetle (D:10)
  A two-headed ogre (D:11)
  3 death yaks
  4 skeletal warriors
  Pikel (D:5)
  An orc sorcerer (Bailey)
  A cyclops (D:11)
  3 manticores (D:11)
  A rust devil (D:5)
  Maurice (D:8)
  2 gargoyles (D:10)
  A troll (D:10)
  Grinder (D:3)
  Sigmund (D:3)
  17 yaks
  A wyvern (D:9)
  2 wraiths
  A shadow (D:11)
  A steam dragon (D:8)
  Edmund (D:5)
  An acid dragon (D:10)
  A water moccasin (D:7)
  18 orc warriors
  3 ice beasts
  2 black bears
  An ogre (D:5)
  5 centaurs
  2 lemures (D:5)
  A kobold brigand (D:9)
  4 bullfrogs
  A necrophage (D:6)
  4 scorpions
  4 wights (D:7)
  11 killer bees
  6 howler monkeys
  4 electric eels (Bailey)
  2 jellies
  2 hounds
  5 orc priests
  Ijyb (D:3)
  3 iguanas
  3 hell rats (D:8)
  5 orc wizards
  Robin (D:3)
  7 gnolls
  2 river rats (D:8)
  9 adders
  4 dart slugs
  43 orcs
  5 endoplasms
  2 giant cockroaches
  19 goblins
  13 hobgoblins
  2 jackals (D:1)
  8 kobolds
  10 quokkas
  9 ball pythons
  2 bats
  2 frilled lizards
  6 rats
279 creatures vanquished.

Vanquished Creatures (collateral kills)
  An orc sorcerer (Bailey)
  A rust devil (D:5)
  An electric eel (Bailey)
  2 orcs (D:7)
  A hobgoblin (D:2)
6 creatures vanquished.

Grand Total: 285 creatures vanquished

Notes
Turn   | Place    | Note
-------+----------+-------------------------------------------
     0 | D:1      | Scypho the Demonspawn Gladiator began the quest for the
                  | Orb.
     0 | D:1      | Reached XP level 1. HP: 16/16 MP: 1/1
   204 | D:1      | Reached skill level 3 in Unarmed Combat
   289 | D:1      | Gained mutation: A weak demonic guardian rushes to your
                  | aid. [demonic ancestry]
   289 | D:1      | Reached XP level 2. HP: 18/22 MP: 2/2
  1236 | D:2      | Reached XP level 3. HP: 27/28 MP: 3/3
  1989 | D:3      | Noticed Grinder
  2005 | D:3      | Paralysed by Grinder for 5 turns
  2014 | D:3      | Paralysed by Grinder for 3 turns
  2028 | D:3      | Killed Grinder
  2029 | D:3      | Reached skill level 5 in Unarmed Combat
  2029 | D:3      | Gained mutation: When seriously injured, your blood forms
                  | armour. (AC +9) [demonic ancestry]
  2029 | D:3      | Reached XP level 4. HP: 18/37 MP: 4/4
  2029 | D:3      | Gained mutation: Your demonic aura sometimes causes spilled
                  | blood to erupt in flames. [demonic ancestry]
  2029 | D:3      | Reached XP level 5. HP: 21/42 MP: 5/5
  2361 | D:3      | Gained mutation: Your demonic aura often causes spilled
                  | blood to erupt in flames. [demonic ancestry]
  2361 | D:3      | Reached XP level 6. HP: 48/48 MP: 6/6
  2366 | D:3      | Noticed Sigmund
  2401 | D:3      | Killed Sigmund
  2625 | D:3      | Reached skill level 6 in Unarmed Combat
  2775 | D:3      | Noticed Ijyb
  2789 | D:3      | Killed Ijyb
  2790 | D:3      | Gained mutation: You have sharp fingernails. [demonic
                  | ancestry]
  2790 | D:3      | Reached XP level 7. HP: 28/55 MP: 7/7
  2907 | D:3      | Noticed Robin
  2944 | D:3      | Killed Robin
  3266 | D:3      | Found a faded altar of an unknown god.
  3271 | D:3      | Found an ornate altar of the Wu Jian Council.
  3279 | D:3      | Learned a level 3 spell: Vampiric Draining
  3583 | D:4      | Found a radiant altar of Vehumet.
  3954 | D:4      | Found a hazy altar of Hepliaklqana.
  4187 | D:4      | Reached skill level 5 in Fighting
  4343 | D:4      | Reached skill level 7 in Unarmed Combat
  4797 | D:4      | Found a staircase to the Ecumenical Temple.
  4807 | Temple   | Entered the Ecumenical Temple
  4812 | Temple   | Became a worshipper of Uskayaw the Reveller
  4918 | D:5      | Entered Level 5 of the Dungeon
  4919 | D:5      | Found Beist's Weapon Boutique.
  4934 | D:5      | Reached * piety under Uskayaw
  4936 | D:5      | Reached ** piety under Uskayaw
  5026 | D:5      | Found an ancient bone altar of Kikubaaqudgha.
  5031 | D:5      | Found a transporter.
  5040 | D:5      | Noticed a wraith
  5041 | D:5      | Found a transporter.
  5070 | D:5      | Reached skill level 1 in Invocations
  5218 | D:5      | Noticed a wraith
  5220 | D:5      | Found a basalt altar of Yredelemnul.
  5223 | D:5      | Noticed Menkaure
  5245 | D:5      | Reached XP level 8. HP: 63/63 MP: 8/10
  5251 | D:5      | Reached *** piety under Uskayaw
  5260 | D:5      | You fall into a shaft and drop 2 floors!
  5366 | D:5      | Noticed a rust devil
  5366 | D:5      | Noticed a rust devil
  5533 | D:6      | Found a bloodstained altar of Trog.
  5540 | D:6      | Reached skill level 5 in Invocations
  5970 | D:5      | Reached skill level 8 in Unarmed Combat
  5986 | D:5      | Reached **** piety under Uskayaw
  5993 | D:5      | Reached ***** piety under Uskayaw
  6007 | D:5      | Noticed Pikel
  6019 | D:5      | Killed Pikel
  6020 | D:5      | Reached XP level 9. HP: 30/72 MP: 3/13
  6680 | D:7      | Found Lastym's Antique Weapon Shoppe.
  6787 | D:7      | Reached skill level 9 in Unarmed Combat
  7141 | D:7      | Found Dohatt's Distillery.
  7519 | D:8      | Noticed a death yak
  7525 | D:8      | Noticed a death yak
  7527 | D:8      | Reached skill level 10 in Unarmed Combat
  7543 | D:8      | Found a stormy altar of Qazlal.
  7543 | D:8      | Noticed Maurice
  7543 | D:8      | Noticed a death yak
  7546 | D:8      | Killed a death yak
  7547 | D:8      | Gained mutation: You have very sharp fingernails. [demonic
                  | ancestry]
  7547 | D:8      | Reached XP level 10. HP: 49/81 MP: 4/14
  7556 | D:8      | Killed a death yak
  7557 | D:8      | Reached skill level 11 in Unarmed Combat
  7820 | D:8      | Killed Maurice
  7933 | D:7      | Killed a death yak
  8124 | D:8      | Found a staircase to the Lair.
  8691 | D:8      | Noticed Gastronok
  8711 | D:8      | Killed Gastronok
  8712 | D:8      | Reached skill level 12 in Unarmed Combat
  9025 | D:9      | Found Gozag's Platinum Reserve.
  9026 | D:9      | Found an opulent altar of Gozag.
  9075 | D:9      | Found a flagged portal.
  9084 | Bailey   | Entered a bailey
  9119 | Bailey   | Gained mutation: When seriously injured, your blood forms
                  | thick armour. (AC +9) [demonic ancestry]
  9119 | Bailey   | Reached XP level 11. HP: 80/90 MP: 15/15
  9235 | Bailey   | Noticed an orc sorcerer
  9256 | Bailey   | Killed an orc sorcerer
  9257 | Bailey   | Reached skill level 10 in Fighting
  9739 | Bailey   | Found an iron altar of Okawaru.
  9744 | Bailey   | Noticed an orc sorcerer
  9754 | Bailey   | Killed an orc sorcerer
  9866 | D:9      | Acquired a manual of Fighting
  9934 | D:9      | Reached skill level 13 in Unarmed Combat
 10100 | D:9      | Found a shimmering blue altar of Sif Muna.
 10764 | D:9      | Found a shimmering altar of Xom.
 10892 | D:10     | Entered Level 10 of the Dungeon
 11957 | D:5      | Noticed Edmund
 11973 | D:5      | Killed Edmund
 11974 | D:5      | Reached skill level 14 in Unarmed Combat
 12354 | D:11     | Noticed a two-headed ogre
 12362 | D:11     | Killed a two-headed ogre
 12383 | D:11     | Found a portal to a secret trove of treasure.
 12423 | D:11     | Reached XP level 12. HP: 43/103 MP: 16/16
 12510 | D:11     | Found a flickering gateway to a bazaar.
 12520 | Bazaar   | Entered a bazaar
 12522 | Bazaar   | Found Qoschupsub's Weapon Boutique.
 12526 | Bazaar   | Found Onump's Assorted Antiques.
 12526 | Bazaar   | Found Miresmup's Armour Boutique.
 12527 | Bazaar   | Found Kovyom's Distillery.
 12531 | Bazaar   | Bought a potion of berserk rage for 45 gold pieces
 12544 | Bazaar   | Bought 2 sapphire potions for 50 gold pieces
 12591 | D:11     | Noticed a boulder beetle
 12620 | D:10     | Killed a boulder beetle
 12899 | D:11     | Identified the +10 mace of Qufuurek {vamp, rPois rF- Str+4
                  | Stlth+}
 13132 | D:10     | HP: 3/105 [skeletal warrior/the +10 mace of Qufuurek {vamp,
                  | rPois rF- Str+4 Stlth+} (24)]
 13150 | D:10     | Reached skill level 15 in Unarmed Combat
 13427 | D:11     | Slain by a skeletal warrior

Illustrated notes

Levels and vault maps discovered:
D:1:      saegor_arrival_simple_a, layout_loops_corners
D:2:      layout_loops_ring, minmay_liquid_box, kennysheep_pointless_box
D:3:      layout_loops_corners, nicolae_overflow_ecumenical_swirl, uniq_ijyb,
          uniq_grinder, uniq_sigmund, uniq_robin
D:4:      layout_layer_cave, mainiacjoe_overflow_24_doors,
          nicolae_vehumet_radiance, minmay_temple_entry_nine_rooms,
          kennysheep_generic_room_14
D:5:      cheibrodos_iron_armory, layout_basic, gammafunk_temple_of_torment,
          serial_shops, nicolae_shop_bloodbath_and_beyond, uniq_pikel,
          uniq_edmund
D:6:      layout_loops_ring, overflow_temple_1_default, elyvilon_altar_1,
          minmay_misc_feat_rows
D:7:      layout_loops_ring, serial_shops, shop, nicolae_shop_statue_plus
D:8:      layout_rooms, grunt_qazlal_clouds, dpeg_lair_monsters,
          serial_aquarium, aquarium_bridge_island_small
          [aquarium_subvault_small_water, aquarium_subvault_wall,
          aquarium_subvault_window, aquarium_subvault_wall,
          aquarium_subvault_bridge], aquarium_bridge_long_separate
          [aquarium_subvault_bridge, aquarium_subvault_bridge,
          aquarium_subvault_window, aquarium_subvault_window,
          aquarium_subvault_balcony, aquarium_subvault_bridge],
          aquarium_window_fake, aquarium_window_corridor_1, aquarium_view_2e,
          aquarium_pool_four, minmay_misc_feat_ornament, minmay_small_thing,
          uniq_maurice, uniq_gastronok
D:9:      layout_irregular_city, nicolae_sif_muna_condensation, tgw_xom,
          nicolae_gozag_zags_fifth_avenue, enter_bailey_8,
          chequers_hall_statues_wall_a
D:10:     layout_roguey
D:11:     layout_rooms, serial_shops, bzr_entry_islet,
          nicolae_trove_entry_columns, nicolae_uskayaw_dance_hall
Temple:   minmay_freezing_vapour_temple

Skill      XL: |  1  2  3  4  5  6  7  8  9 10 11 12 |
---------------+-------------------------------------+-----
Unarmed Combat | 3 5 6 7 8 10 12 14 15 | 15.1
Fighting       | 3 4 5 7 8 9 12 13 | 13.5
Invocations    | 2 6 |  6.2
Throwing       | |  1.7
Dodging        | |  2.6

Action                   |  1- 3 |  4- 6 |  7- 9 | 10-12 || total
-------------------------+-------+-------+-------+-------++-------
Melee: Unarmed           |   168 |    87 |   309 |   388 ||   952
       Punch             |     3 |     3 |    17 |    50 ||    73
Invok: Stomp             |       |       |     7 |     7 ||    14
       Line Pass         |       |       |     5 |     7 ||    12
  Use: Scroll            |     5 |     1 |     8 |     8 ||    22
       Potion            |     2 |     1 |     2 |    11 ||    16
 Stab: Sleeping          |       |       |     1 |     1 ||     2
       Paralysed         |       |       |    10 |    13 ||    23
       Distracted        |       |       |       |     1 ||     1
Armor: Leather armour    |    40 |    20 |   107 |    20 ||   187
       Skin              |     3 |       |     1 |     3 ||     7
       Steam dragon scal |       |       |       |    99 ||    99
Dodge: Dodged            |    71 |    34 |   146 |   210 ||   461

Table legend: (Time is in decaauts)
 A = Elapsed time spent in this place.
 B = Non-inter-level travel time spent in this place.
 C = Inter-level travel time spent in this place.
 D = Time resting spent in this place.
 E = Time spent auto-exploring this place.
 F = Levels seen in this place.
 G = Mean time per level.
                   A        B        C        D        E       F      G
               +--------+--------+--------+--------+--------+-----+--------+
         Total |  13269 |  12764 |    505 |   2775 |   6878 |  14 |  947.8 |
       Dungeon |  12469 |  11964 |    505 |   2443 |   6878 |  11 | 1133.5 |
        Temple |     10 |     10 |      0 |      0 |      0 |   1 |   10.0 |
        Bazaar |     29 |     29 |      0 |      0 |      0 |   1 |   29.0 |
        Bailey |    759 |    759 |      0 |    332 |      0 |   1 |  759.0 |
               +--------+--------+--------+--------+--------+-----+--------+

Top non-repeatable levels by time:
    D:10: 1596 daAuts
     D:4: 1571 daAuts
     D:3: 1479 daAuts
     D:7: 1289 daAuts
     D:1: 1154 daAuts
     D:9: 1128 daAuts
     D:8: 1114 daAuts
     D:6: 971 daAuts
     D:5: 945 daAuts
     D:2: 799 daAuts
  Bailey: 759 daAuts
    D:11: 418 daAuts
  Bazaar: 29 daAuts
  Temple: 10 daAuts
